 Dungeon Crawl Stone Soup version 0.18-a0-1764-gf4ddf0b (webtiles) character file.

1957 namelastname112 the Martial Artist (level 8, -3/105 HPs)
             Began as a Red Draconian Transmuter on Apr 13, 2016.
             Slain by an iguana (7 damage)
             ... on level 6 of the Dungeon.
             The game lasted 00:08:38 (4344 turns).

namelastname112 the Martial Artist (DrTm)           Turns: 4344, Time: 00:08:39

Health: -3/105     AC: 24    Str: 13    XL:     8   Next: 99%
Magic:  21/25      EV:  2    Int: 19    God:
Gold:   185        SH:  0    Dex: 11    Spells: 3 memorised, 11 levels left

rFire  . . .     SeeInvis .       - Unarmed
rCold  . . .     Gourm    .     (armour unavailable)
rNeg   + + +     Faith    .     (no shield)
rPois  +         Spirit   .     (helmet currently unavailable)
rElec  .         Dismiss  .     (cloak currently unavailable)
rCorr  .         Reflect  .     (gloves currently unavailable)
SustAt .         Harm     .     (boots currently unavailable)
MR     .....     NoTele   +     (no amulet)
Stlth  +.........               t - ring of poison resistance
                                j - ring of magical power

@: brilliant, tree-form, not resistant to hostile enchantments, very unstealthy
A: (breathe fire), unfitting armour, clumsy 1, (cold resistance 0), (fire
resistance 0), wild magic 1, (cold-blooded), AC +6
a: no special abilities


You were on level 6 of the Dungeon.
You were not hungry.
You were a tree.
You visited 1 branch of the dungeon, and saw 6 of its levels.

You collected 185 gold pieces.

Inventory:

Missiles
 a - 54 arrows
 i - 2 throwing nets (quivered)
Armour
 l - a +1 cloak of invisibility (melded)
 n - a +0 pair of gloves (melded)
Jewellery
 j - a ring of magical power (left branch)
 t - a ring of poison resistance (right branch)
Wands
 p - a wand of iceblast (5/15)
Scrolls
 d - 2 scrolls of teleportation {unknown}
 e - 8 scrolls of identify {unknown}
 g - 2 scrolls of blinking {unknown}
 h - 4 scrolls of remove curse {unknown}
 s - a scroll of immolation {unknown}
 v - a scroll of recharging {unknown}
 x - a scroll of magic mapping {unknown}
Potions
 k - a potion of degeneration {unknown}
 o - a potion of brilliance
Books
 b - a book of Changes

   Spells                             Type                      Level
   a - Beastly Appendage              Transmutation                1
   b - Sticks to Snakes               Transmutation                2
   c - Spider Form                    Transmutation/Poison         3
   d - Ice Form                       Ice/Transmutation            4
   e - Blade Hands                    Transmutation                5
Comestibles
 c - 3 bread rations
 f - 4 fruits
 A - a chunk of flesh


   Skills:
 + Level 6.2 Fighting
 + Level 5.4 Dodging
 * Level 8.6 Unarmed Combat
 + Level 5.4 Spellcasting
 * Level 8.4 Transmutations


You had 11 spell levels left.
You knew the following spells:

 Your Spells              Type           Power        Failure   Level  Hunger
a - Beastly Appendage     Trmt           ######       1%          1    None
b - Sticks to Snakes      Trmt           ######..     1%          2    None
c - Spider Form           Trmt/Pois      #####.....   1%          3    ##.....


Dungeon Overview and Level Annotations

Branches:
Dungeon (6/15)
 Temple: D:4-7

Altars:
Elyvilon
Makhleb
Pakellas
Sif Muna
The Shining One

Annotations:
D:6 Grinder


Innate Abilities, Weirdness & Mutations

((You can breathe blasts of fire.))
((Your fiery red scales are hard (AC +6).))
Your body does not fit into most forms of armour.
((Your flesh is heat resistant.))
((You are cold-blooded and may be slowed by cold attacks.))
You are clumsy. (Dex -2)
((Your flesh is cold resistant.))
Your spells are a little harder to cast, but a little more powerful.


Message History

Your Dodging skill gained 2 levels and is now at level 5!
Your Unarmed Combat skill gained 3 levels and is now at level 8!
Your Spellcasting skill gained 2 levels and is now at level 5!
Your Transmutations skill gained 3 levels and is now at level 8!
You have reached level 8!
You feel stronger. The hound misses you. The iguana bites you!
* * * LOW HITPOINT WARNING * * *
The iguana bites you.
* * * LOW HITPOINT WARNING * * *
You take 6 damage, and have 5/70 hp.
Drink which item? (? for menu, Esc to quit)
It was a potion of lignification.
You turn into a tree.
Your +1 cloak of invisibility melds into your body.
Your +0 pair of gloves melds into your body.
Your roots penetrate the ground.
The hound bites you but does no damage. The iguana bites you.
* * * LOW HITPOINT WARNING * * *
The iguana bites you!
You die...

## #.##
##...###.
##........
##hs.....##
#♣l5......#
##l........
##<.......
##...####
..## ###


You could see Grinder, 2 iguanas, a hound and a giant cockroach.

Vanquished Creatures
  Sigmund (D:2)
  An ice beast (D:5)
  A phantom (D:4)
  A giant frog (D:5)
  A water moccasin skeleton (D:5)
  A howler monkey (D:4)
  A crimson imp (D:4)
  Crazy Yiuf (D:2)
  2 orc wizards (D:4)
  Ijyb (D:2)
  Natasha (thrice) (D:2)
  4 worker ants
  A hound skeleton (D:4)
  7 adders
  A shadow imp (D:5)
  An ooze (D:5)
  2 worms (D:3)
  2 dart slugs
  3 giant geckos
  6 orcs
  4 bats
  3 giant cockroaches
  10 goblins
  8 hobgoblins
  12 jackals
  12 kobolds
  3 quokkas
  2 ball pythons
  5 giant newts
  2 goblin skeletons (D:4)
  2 goblin zombies (D:4)
  A jackal zombie (D:4)
  A kobold skeleton (D:4)
  3 kobold zombies (D:4)
  2 orc zombies (D:4)
  6 rats
117 creatures vanquished.

Notes
Turn   | Place    | Note
--------------------------------------------------------------
     0 | D:1      | namelastname112 the Draconian Transmuter began the quest for the Orb.
     0 | D:1      | Reached XP level 1. HP: 16/16 MP: 3/3
    71 | D:1      | Reached XP level 2. HP: 22/23 MP: 5/5
   184 | D:1      | Learned a level 2 spell: Sticks to Snakes
   474 | D:1      | Reached XP level 3. HP: 12/29 MP: 6/6
  1156 | D:2      | Learned a level 3 spell: Spider Form
  1157 | D:2      | Noticed Crazy Yiuf
  1170 | D:2      | Killed Crazy Yiuf
  1170 | D:2      | Reached XP level 4. HP: 33/36 MP: 7/7
  1407 | D:2      | Found an oddly glowing altar of Pakellas.
  1408 | D:2      | Noticed Natasha
  1425 | D:2      | Killed Natasha
  1440 | D:2      | Noticed Natasha
  1605 | D:2      | Killed Natasha
  1645 | D:2      | Reached XP level 5. HP: 35/42 MP: 8/8
  1672 | D:2      | Noticed Sigmund
  1684 | D:2      | Killed Sigmund
  1684 | D:2      | Reached XP level 6. HP: 11/50 MP: 10/10
  1944 | D:2      | Noticed Natasha
  1977 | D:2      | Killed Natasha
  2182 | D:2      | Noticed Ijyb
  2194 | D:2      | Killed Ijyb
  3446 | D:4      | Your scales start taking on a fiery red colour.
  3446 | D:4      | Reached XP level 7. HP: 54/57 MP: 11/11
  3446 | D:4      | Gained mutation: Your flesh is heat resistant. [Red Draconian growth]
  3459 | D:4      | Found a glowing golden altar of the Shining One.
  3736 | D:4      | Reached skill level 5 in Unarmed Combat
  3920 | D:4      | Found a burning altar of Makhleb.
  3921 | D:4      | Noticed a cacodemon
  4085 | D:4      | Found a white marble altar of Elyvilon.
  4181 | D:4      | Reached skill level 5 in Transmutations
  4196 | D:5      | Entered Level 5 of the Dungeon
  4220 | D:5      | Found a deep blue altar of Sif Muna.
  4317 | D:5      | Noticed Grinder
  4326 | D:5      | Paralysed by Grinder for 5 turns
  4342 | D:6      | Gained mutation: Your flesh is cold resistant. [potion of mutation]
  4342 | D:6      | Gained mutation: Your spells are a little harder to cast, but a little more powerful. [potion of mutation]
  4342 | D:6      | Gained mutation: You are clumsy. (Dex -2) [potion of mutation]
  4343 | D:6      | Reached skill level 5 in Dodging
  4343 | D:6      | Reached skill level 5 in Spellcasting
  4343 | D:6      | Reached XP level 8. HP: 14/70 MP: 16/16
  4344 | D:6      | HP: 4/105 [iguana (3)]
  4344 | D:6      | Slain by an iguana

Vault maps used:
D:1:      lightli_arrival_maybe_door_vault
D:2:      grunt_pakellas_salt, uniq_crazy_yiuf_cottage, uniq_natasha, uniq_iyjb,
          uniq_sigmund
D:3:      guppyfry_early_orc_mine
D:4:      makhleb_altar_promises_db, kennysheep_mini_moat, first_bread,
          nicolae_tso_besieged_by_evil
D:5:      overflow_temple_1_default, minmay_statues_item, uniq_grinder,
          uniq_blork_the_orc
D:6:      minmay_temple_entry_statues, serial_shops, shop

Skill      XL: |  1  2  3  4  5  6  7 |
---------------+----------------------+-----
Dodging        | 2 3 5 |  5.4
Fighting       | 2 3 6 |  6.2
Transmutations | 3 4 8 |  8.4
Unarmed Combat | 4 8 |  8.6
Spellcasting   | 3 5 |  5.4

Action                   |  1- 3 |  4- 6 |  7- 9 || total
-------------------------+-------+-------+-------++-------
Melee: Unarmed           |   134 |   223 |   175 ||   532
       Tailslap          |    12 |    16 |    22 ||    50
       Punch             |       |     6 |     3 ||     9
 Cast: Spider Form       |     1 |     7 |       ||     8
 Abil: Breathe Fire      |       |       |     2 ||     2
  Use: Potion            |       |       |     7 ||     7
 Stab: Sleeping          |       |     3 |       ||     3
  Eat: Chunk             |     1 |     8 |     3 ||    12
       Fruit             |       |     1 |       ||     1
Armor: Skin              |    55 |    80 |    55 ||   190
Dodge: Dodged            |   115 |   135 |   132 ||   382
